 Dungeon Crawl Stone Soup version 0.23-a0-558-g30802b1 (webtiles) character file.

88 Azzok the Chopper (level 4, -2/28 HPs)
             Began as a Gargoyle Berserker on Dec 12, 2018.
             Was a Believer of Trog.
             Slain by a river rat (3 damage)
             ... in a sewer.
             The game lasted 00:02:36 (1369 turns).

Azzok the Chopper (Gargoyle Berserker)              Turns: 1369, Time: 00:02:36

Health: -2/28      AC:  6    Str: 21    XL:     4   Next: 53%
Magic:  4/4        EV: 12    Int:  8    God:    Trog [**....]
Gold:   133        SH:  0    Dex:  9    Spells: 3/3 levels left

rFire    . . .     SeeInvis .   a - +0 hand axe
rCold    . . .     Gourm    .   (no shield)
rNeg     + . .     Faith    .   b - +0 animal skin
rPois    ∞         Spirit   .   j - +0 helmet
rElec    +         Reflect  .   (no cloak)
rCorr    .         Harm     .   (no gloves)
MR       .....                  (no boots)
Stlth    +.........             i - amulet of regeneration
HPRegen  0.49/turn              (no ring)
MPRegen  0.09/turn              (no ring)

@: no status effects
A: negative energy resistance 1, electricity resistance, unbreathing,
petrification resistance, rot immunity, AC +3
a: Berserk, Trog's Hand, Renounce Religion


You were in a sewer.
You worshipped Trog.
Trog was pleased with you.
You were hungry.

You visited 1 branch of the dungeon, and saw 3 of its levels.
You also visited: Sewer.

You collected 133 gold pieces.

Inventory:

Hand Weapons
 a - a +0 hand axe (weapon)
Armour
 b - a +0 animal skin (worn)
 j - a +0 helmet (worn)
Jewellery
 i - an amulet of regeneration (around neck)
Scrolls
 d - 3 scrolls of remove curse {unknown}
 g - 2 scrolls of amnesia {unknown}
 n - 4 scrolls of identify {unknown}
 q - a scroll of fear {unknown}
Potions
 e - a potion of mutation {unknown}
 h - a potion of curing {unknown}
 k - a potion of lignification {unknown}
 l - a potion of haste {unknown}
 m - a potion of brilliance {unknown}
 o - 2 potions of degeneration {unknown}
 p - a potion of ambrosia {unknown}
 r - 2 potions of flight {unknown}
Comestibles
 c - 5 rations
 f - 5 chunks of flesh


   Skills:
 - Level 3.2 Fighting
 + Level 4.7 Axes
 - Level 2.1 Armour
 - Level 1.5 Dodging


You had 3 spell levels left.
You didn't know any spells.
Your spell library was empty.

Dungeon Overview and Level Annotations

Branches:
Dungeon (3/15)

Altars:
Fedhas
Gozag
Sif Muna


Innate Abilities, Weirdness & Mutations

You are resistant to torment.
Your stone body is resilient. (AC +3)
You are immune to poison.
You resist negative energy. (rN+)
You are resistant to electric shocks. (rElec)
You can survive without breathing.
You are immune to petrification.
You are immune to rotting.


Message History

The river rat bites you.
You hit the river rat.
The river rat is severely wounded.
You closely miss the river rat. The river rat bites you.
The river rat closely misses you.
You hit the river rat.
You kill the river rat!
Trog accepts your kill.
You hit the river rat but do no damage. The river rat bites you.
You closely miss the river rat. x2; The river rat bites you.
The river rat bites you!
* * * LOW HITPOINT WARNING * * *
You closely miss the river rat. You barely miss the river rat.
The river rat closely misses you. The river rat bites you!
* * * LOW HITPOINT WARNING * * *
You hit the river rat.
The river rat is heavily wounded.
You closely miss the river rat. The river rat closely misses you.
The river rat bites you.
You die... ▒▒▒▒▒▒▒▒▒▒▒▒▒▒▒ ≈······rr@r···▒ ▒▒▒▒▒▒▒▒▒▒▒▒▒▒▒

You could see 2 river rats and a rat.

Vanquished Creatures
  4 adders
  A river rat (Sewer)
  2 worms (D:2)
  3 giant cockroaches
  3 goblins
  6 hobgoblins
  5 bats
  6 frilled lizards
  5 kobolds
  5 rats
40 creatures vanquished.

Notes
Turn   | Place    | Note
-------+----------+-------------------------------------------
     0 | D:1      | Azzok the Gargoyle Berserker began the quest for the Orb.
     0 | D:1      | Reached XP level 1. HP: 14/14 MP: 1/1
   166 | D:1      | Reached skill level 3 in Axes
   327 | D:1      | Reached XP level 2. HP: 17/19 MP: 2/2
   737 | D:2      | Reached XP level 3. HP: 15/23 MP: 3/3
   786 | D:2      | Reached skill level 4 in Axes
   855 | D:2      | Found a blossoming altar of Fedhas.
   857 | D:2      | Found an opulent altar of Gozag.
   992 | D:2      | Reached ** piety under Trog
  1080 | D:2      | Reached XP level 4. HP: 27/28 MP: 4/4
  1146 | D:2      | Found a deep blue altar of Sif Muna.
  1327 | D:3      | Found a glowing drain.
  1358 | Sewer    | Entered a sewer
  1368 | Sewer    | HP: 1/28 [river rat (7)]
  1369 | Sewer    | Slain by a river rat

Vault maps used:
D:1:      scummos_arrival_gate, due_unseen_surprise
D:2:      led_sif_pool, chequers_temple_overflow_statue_of_worship
D:3:      first_ration, gup_sewer_entry_glass, uniq_grinder
Sewer:    sewer_kobolds

Skill      XL: |  1  2  3 |
---------------+----------+-----
Axes           | 3 4 |  4.7
Fighting       | |  3.2
Armour         | |  2.1
Dodging        | |  1.5

Action                   |  1- 3 |  4- 6 || total
-------------------------+-------+-------++-------
Melee: Hand axe          |   114 |    23 ||   137
Invok: Berserk           |     1 |       ||     1
 Stab: Sleeping          |     1 |     1 ||     2
  Eat: Chunk             |     2 |       ||     2
Armor: Animal skin       |    47 |     9 ||    56
Dodge: Dodged            |    64 |    14 ||    78

Table legend:
 A = Non-vault XP
 B = Vault XP
 C = Vault XP percentage of total XP
 D = Non-vault monster count
 E = Vault monster count
 F = Vault count percentage of total count
                 A         B        C        D         E       F
            +---------+---------+-------+---------+---------+-------
      Total |      84 |      42 |  33.3 |      36 |       4 |  10.0
            +---------+---------+-------+---------+---------+-------
        D:1 |      20 |       0 |   0.0 |      13 |       0 |   0.0
        D:2 |      64 |       0 |   0.0 |      23 |       0 |   0.0
        D:3 |       0 |      29 | 100.0 |       0 |       3 | 100.0
      Sewer |       0 |      13 | 100.0 |       0 |       1 | 100.0
            +---------+---------+-------+---------+---------+-------
